 Dungeon Crawl Stone Soup version 0.29-a0-330-g52719c12eb (webtiles) character file.

Game seed: 3607897855952489343

25 kae the Gusty (level 3, -1/20 HPs)
             Began as a Tengu Air Elementalist on Apr 23, 2022.
             Slain by a worm (7 damage)
             ... on level 1 of the Dungeon.
             The game lasted 00:00:57 (1669 turns).

kae the Gusty (Tengu Air Elementalist)              Turns: 1669, Time: 00:00:58

Health: -1/20      AC:  2    Str:  8    XL:     3   Next: 4%
Magic:  3/7        EV: 12    Int: 17    God:
Gold:   44         SH:  5    Dex: 14    Spells: 3/6 levels left

rFire   . . .      SeeInvis .   (no weapon)
rCold   . . .      Faith    .   (no shield)
rNeg    . . .      Spirit   .   a - +0 robe
rPois   .          Reflect  +   (helmet restricted)
rElec   .          Harm     .   (no cloak)
rCorr   .          Rampage  .   (no gloves)
Will    +....                   (boots unavailable)
Stlth   ++........              i - amulet of reflection
HPRegen 0.06/turn               c - ring of willpower
MPRegen 0.10/turn               (no ring)

@: no status effects
A: beak, talons 3
a: no special abilities


You were on level 1 of the Dungeon.
You visited 1 branch of the dungeon, and saw 2 of its levels.

You collected 44 gold pieces.

Inventory:

Armour
 a - a +0 robe (worn)
Jewellery
 c - a ring of willpower (left hand)
 i - an amulet of reflection (around neck)
Scrolls
 d - a scroll of blinking {unknown}
 e - 2 scrolls of fog {unknown}
 f - 4 scrolls of identify {unknown}
 g - 2 scrolls of teleportation {unknown}
 h - a scroll of noise {unknown}
Potions
 b - a potion of magic


   Skills:
 + Level 0.9 Fighting
 - Level 2.1 Dodging
 - Level 2.0 Stealth
 + Level 2.2 Spellcasting
 + Level 2.1 Conjurations
 * Level 4.6 Air Magic


You had 3 spell levels left.
You knew the following spells:

 Your Spells              Type           Power      Damage    Failure   Level
a - Shock                 Conj/Air       52%        1d6       4%          1
b - Static Discharge      Conj/Air       13%        N/A       7%          2

Your spell library contained the following spells:

 Spells                   Type           Power      Damage    Failure   Level
 Swiftness                Air            17%        N/A       9%          3
 Airstrike                Air            8%         N/A       28%         4


Dungeon Overview and Level Annotations

Branches:
Dungeon (2/15)

Altars:


Innate Abilities, Weirdness & Mutations

You have a beak for a mouth.
You have claws for feet.


Message History

The worm bites you but does no damage. The hobgoblin hits you.
You escape the ball python's grasp.
The ball python bites you. The ball python grabs you.
You stop ascending the stairs.
The ball python constricts you. The ball python closely misses you.
You block the hobgoblin's attack. The worm closely misses you.
You escape the ball python's grasp.
The ball python barely misses you. The ball python grabs you.
You stop ascending the stairs.
The ball python constricts you. You block the ball python's attack.
You block the hobgoblin's attack.
Unknown command.
You escape the ball python's grasp.
The ball python barely misses you. You block the ball python's attack.
The ball python bites you. The ball python closely misses you.
The worm bites you. You block the hobgoblin's attack.
You climb upwards.
There is a stone staircase leading down here.
You can't go up here!
Unknown command.
Unknown command.
Okay, then.
Okay, then.
Casting: Shock (safe; 4% risk of failure)
Confirm with . or Enter, or press ? or * to list all spells.
The worm is struck by an arc of lightning.
The worm is lightly wounded.
The hobgoblin is struck by an arc of lightning.
You kill the hobgoblin!
The lightning grounds out.
You block the ball python's attack. The ball python barely misses you.
The worm bites you.
* * * LOW HITPOINT WARNING * * *
The ball python barely misses you. You block the ball python's attack.
Casting: Static Discharge (safe; 7% risk of failure)
Confirm with . or Enter, or press ? or * to list all spells.
The ball python is struck by an arc of lightning!
You kill the ball python!
The ball python is struck by an arc of lightning.
The ball python is severely wounded.
The lightning grounds out.
The worm bites you!
You die...

##.....####.##.#.#.##.#..........
............##.#......########...
##############.###.#..######§§§♣♣
...............#..........§..§♣..
################.###..######..♣♣♣
...........##.##.###.....# #§♣..⌠
##########.##..........#.# #.♣♣⌠.
..##.....#.##.##S##....#.##♣♣.⌠..
#.##.###.#.##.##@w..........♣⌠...
#.##.# #.#.##.######...#.#.♣...∩.
#.##.###.#.##..........#.#.♣.⌠...
#.##.......##########..#.#..♣♣⌠..
#.######.########## #..#.#....♣⌠.
#.#...##.# #......###..#.##.8♣..⌠
#.#...##.# #......+.#..#.##.§.♣♣♣
.......#.# #......#.####.##..♣♣..
###....#.###......#.....☼...[..♣♣


You could see a worm and a ball python.

Vanquished Creatures
  An endoplasm (D:1)
  2 giant cockroaches
  4 goblins (D:1)
  4 hobgoblins (D:1)
  2 quokkas
  5 ball pythons
  3 bats (D:1)
  A frilled lizard (D:1)
  A kobold (D:1)
  2 rats (D:1)
25 creatures vanquished.

Notes
Turn   | Place    | Note
-------+----------+-------------------------------------------
     0 | D:1      | kae the Tengu Air Elementalist began the quest for the Orb.
     0 | D:1      | Reached XP level 1. HP: 10/10 MP: 4/4
   258 | D:1      | Reached XP level 2. HP: 16/16 MP: 4/6
  1263 | D:2      | Learned a level 2 spell: Static Discharge
  1536 | D:1      | Reached XP level 3. HP: 12/20 MP: 0/7
  1669 | D:1      | Slain by a worm

Illustrated notes

Levels and vault maps discovered:
D:1:      heliophobic_arrival_enchanted_forest, layout_basic
D:2:      layout_rooms, basic_altar

Skill      XL: |  1  2 |
---------------+-------+-----
Conjurations   | 2 |  2.1
Fighting       | |  0.9
Dodging        | |  2.1
Stealth        | |  2.0
Spellcasting   | |  2.2
Air Magic      | |  4.6

Action                   || total
-------------------------++-------
Melee: Unarmed           ||     4
       Kick              ||     1
       Peck              ||     1
 Cast: Shock             ||    53
       Static Discharge  ||     2
Armor: Robe              ||     1
Dodge: Dodged            ||    16
Block: Other             ||    10

Table legend: (Time is in decaauts)
 A = Elapsed time spent in this place.
 B = Non-inter-level travel time spent in this place.
 C = Inter-level travel time spent in this place.
 D = Time resting spent in this place.
 E = Time spent auto-exploring this place.
 F = Levels seen in this place.
 G = Mean time per level.
                   A        B        C        D        E       F      G
               +--------+--------+--------+--------+--------+-----+--------+
         Total |   1670 |   1546 |    124 |    251 |   1148 |   2 |  835.0 |
       Dungeon |   1670 |   1546 |    124 |    251 |   1148 |   2 |  835.0 |
               +--------+--------+--------+--------+--------+-----+--------+

Top non-repeatable levels by time:
     D:1: 1568 daAuts
     D:2: 102 daAuts
